Map: [ESL] Inside and Out

Players

Astrea - Winner!

  • Race: Protoss Protoss
  • Spawn Location: 7:00

Scarlett

  • Race: Zerg Zerg
  • Spawn Location: 1:00

Event: DreamHack SC2 Masters 2022 Atlanta (Online)

VOD

Have the link to the VOD?

Description

Time

  • Played on: Oct. 16, 2022, 4:14 p.m.
  • Length: 9:38

All games in this series

Show
View Real Time Build Order
Export as new Build Order

Astrea Protoss - Winner!

Build Orders: 1 Gate Expand 

Get SALT Encoding   

  12  0:00  Probe  
  13  0:12  Probe  
  14  0:18  Pylon  
  14  0:24  Probe (Chrono Boost)  
  15  0:36  Probe (Chrono Boost)  
  15  0:39  Gateway  
  16  0:45  Probe (Chrono Boost)  
  16  0:49  Assimilator  
  17  0:51  Probe  
  18  1:03  Probe  
  19  1:15  Probe  
  20  1:25  Nexus  
  20  1:28  Probe  
  21  1:38  Cybernetics Core  
  21  1:44  Assimilator  
  21  1:45  Probe  
  22  1:52  Pylon  
  22  1:57  Probe  
  23  2:10  Probe (Chrono Boost)  
  23  2:11  Adept (Chrono Boost)  
  23  2:14  Warp Gate  
  26  2:20  Probe (Chrono Boost)  
  26  2:22  Robotics Facility  
  27  2:25  Probe (Chrono Boost)  
  28  2:32  Stalker (Chrono Boost)  
  28  2:36  Probe  
  31  2:38  Probe  
  32  2:48  Probe  
  32  2:50  Probe  
  34  3:01  Probe  
  34  3:03  Probe  
  36  3:12  Observer  
  37  3:13  Probe  
  37  3:14  Robotics Bay  
  37  3:15  Probe  
  39  3:25  Probe  
  39  3:26  Gateway  
  40  3:27  Probe  
  40  3:29  Warp Prism (Chrono Boost), Pylon  
  43  3:37  Probe  
  43  3:39  Probe  
  45  3:46  Twilight Council  
  45  3:49  Probe  
  45  3:52  Probe  
  45  3:53  Pylon  
  47  3:58  Disruptor (Chrono Boost)  
  50  4:04  Adept  
  50  4:07  Pylon  
  52  4:14  Probe x2  
  54  4:21  Adept  
  54  4:22  Charge (Chrono Boost), Pylon  
  56  4:28  Gateway  
  56  4:30  Gateway  
  56  4:32  Gateway x2  
  56  4:41  Gateway  
  56  4:43  Gateway  
  56  4:52  Disruptor (Chrono Boost)  
  59  5:06  Nexus  
  59  5:07  Zealot x2  
  63  5:16  Pylon  
  63  5:26  Zealot x4  
  63  5:27  Zealot x2  
  75  5:41  Zealot x2  
  79  5:47  Pylon  
  79  5:49  Pylon  
  79  5:53  Zealot x3  
  85  6:13  Zealot  
  85  6:14  Zealot  
  85  6:15  Zealot x6  
  100  6:21  Pylon  
  100  6:39  Zealot x6  
  111  6:46  Zealot x2  
  81  7:03  Zealot x6  
  80  7:14  Zealot x2  
  64  7:26  Sentry x6  
  67  7:37  Probe x3  
  67  7:38  Immortal (Chrono Boost)  
  67  7:41  Zealot x2  
  76  7:49  Zealot x3  
  82  7:55  Zealot  
  82  8:10  Immortal (Chrono Boost)  
  82  8:12  Probe  
  74  8:15  Probe x2  
  71  8:20  Probe  
  71  8:24  Zealot x4  
  81  8:27  Probe  
  81  8:29  Probe  
  81  8:32  Probe  
  83  8:35  Immortal (Chrono Boost)  
  83  8:39  Zealot, Probe  
  90  8:46  Zealot  
  90  8:47  Zealot  
  94  8:59  Zealot x4  
  94  9:01  Zealot  
  104  9:04  Zealot  
  106  9:10  Zealot x2  
  106  9:17  Templar Archives  
  108  9:24  Zealot x4  
  105  9:34  Zealot x4  
Show
View Real Time Build Order
Export as new Build Order

Scarlett Zerg 

Build Orders: Hatch First 

Get SALT Encoding   

  12  0:00  Drone  
  13  0:11  Drone  
  14  0:14  Drone, Extractor  
  15  0:21  Overlord  
  15  0:42  Drone  
  16  0:43  Drone  
  17  0:51  Hatchery  
  17  0:54  Drone  
  17  0:57  Drone  
  18  1:12  Extractor  
  18  1:15  Spawning Pool  
  18  1:16  Drone  
  17  1:21  Drone  
  18  1:27  Drone  
  19  1:38  Drone  
  20  1:48  Overlord  
  20  2:01  Queen  
  20  2:03  Queen, Drone  
  20  2:04  Zergling x2  
  26  2:10  Drone  
  26  2:13  Metabolic Boost  
  26  2:14  Drone  
  28  2:22  Drone  
  29  2:25  Drone  
  30  2:35  Hatchery  
  29  2:42  Queen  
  31  2:48  Zergling x4  
  31  2:51  Overlord  
  33  2:55  Drone x2  
  33  3:12  Drone x7  
  40  3:16  Spore Crawler  
  40  3:19  Spore Crawler  
  38  3:22  Drone x4  
  44  3:27  Overlord  
  44  3:35  Overlord  
  44  3:45  Queen  
  44  3:46  Drone x3  
  44  3:47  Drone x2  
  51  3:51  Queen  
  51  3:54  Drone  
  51  3:55  Drone  
  55  3:56  Drone  
  55  4:00  Drone x2  
  58  4:04  Roach Warren  
  58  4:07  Extractor  
  58  4:09  Drone  
  59  4:10  Drone x2  
  59  4:12  Overlord  
  59  4:16  Drone x2  
  61  4:17  Drone  
  61  4:20  Overlord  
  61  4:23  Overlord  
  61  4:26  Zergling x6  
  64  4:31  Zergling x8  
  64  4:38  Overlord x2  
  68  4:41  Overlord  
  68  4:47  Overlord  
  68  4:50  Baneling Nest  
  68  4:51  Spore Crawler  
  68  4:52  Spore Crawler, Roach x3  
  71  4:55  Roach  
  73  5:02  Drone x5  
  78  5:15  Drone x7  
  85  5:23  Roach x7  
  99  5:29  Extractor  
  99  5:32  Roach x3  
  99  5:33  Extractor  
  103  5:47  Spore Crawler  
  101  5:50  Hatchery  
  101  5:52  Drone x5  
  101  5:53  Drone x3  
  101  5:56  Lair  
  107  5:57  Drone  
  107  5:58  Drone x2  
  107  6:04  Zergling x6, Roach  
  115  6:12  Overlord  
  115  6:17  Extractor  
  112  6:21  Zergling x2  
  112  6:22  Zergling x18  
  112  6:25  Baneling x6  
  122  6:32  Roach x2  
  126  6:35  Baneling x2, Spine Crawler  
  112  6:41  Roach x3  
  103  6:47  Zergling x2, Roach x4  
  103  6:49  Queen  
  103  6:53  Zergling x6, Roach x3  
  114  7:04  Roach x3  
  93  7:11  Zergling x4, Queen, Roach  
  91  7:15  Roach  
  91  7:16  Zergling x2, Queen  
  92  7:28  Zergling x8  
  96  7:32  Queen  
  99  7:44  Zergling x2, Roach x3  
  99  7:47  Queen  
  99  7:50  Roach x2, Ravager  
  106  7:55  Extractor  
  101  8:11  Infestation Pit  
  101  8:12  Drone  
  86  8:14  Hatchery  
  86  8:15  Infestation Pit  
  86  8:17  Queen  
  86  8:18  Drone x2  
  86  8:19  Glial Reconstitution, Drone x2  
  90  8:27  Drone, Hatchery  
  80  8:34  Drone x8  
  88  8:58  Overseer  
  88  8:59  Drone x8  
  96  9:06  Zergling x2  
  97  9:10  Evolution Chamber  
  97  9:11  Baneling  
  97  9:15  Roach  
  97  9:16  Roach  
Tags
 
Add a new tag
Caveats
  • Supply blocks, unpowered buildings, or Contaminate may cause inaccurate times.
  • Supply counts are checked every 10 seconds.